 Dungeon Crawl Stone Soup version 0.31-a0-426-g3a05650e59 (webtiles) character file.

Game seed: 14105151737521714601

28 Ofeo the Ruffian (level 3, 23/27 HPs)
             Began as a Demonspawn Shapeshifter on July 30, 2023.
             Quit the game on level 2 of the Dungeon.
             The game lasted 00:00:56 (833 turns).

Ofeo the Ruffian (Demonspawn Shapeshifter)           Turns: 833, Time: 00:00:57

Health: 23/27      AC:  4    Str: 17    XL:     3   Next: 0%
Magic:  3/3        EV: 12    Int:  9    God:
Gold:   65         SH:  0    Dex: 13    Spells: 2/2 levels left

rFire   . .          .
                       - Unarmed
rCold   . . .        (no shield)
rNeg    . . .        a - +0 animal skin
rPois   .            (helmet currently unavailable)
rElec   .            (cloak currently unavailable)
rCorr   .            (gloves currently unavailable)
SInv    .            (boots currently unavailable)
Will    .....        (no amulet)
Stlth   +            (no ring)
HPRegen 0.24/turn    (no ring)
MPRegen 0.08/turn

%: no passive effects
@: beast-form
A: beast (slay +2), horns 1, yellow scales 1
a: Begin Untransformation


You were on level 2 of the Dungeon.
You were a hulking beast.
You visited 1 branch of the dungeon, and saw 2 of its levels.

You collected 65 gold pieces.

Inventory:

Armour
 a - a +0 animal skin (worn)
 l - a +0 cloak
Jewellery
 j - a +4 ring of slaying
 m - a ring of wizardry
Talismans
 c - a beast talisman (active)
Scrolls
 e - a scroll of amnesia {unknown}
 f - 2 scrolls of identify {unknown}
 h - a scroll of fear {unknown}
 i - a scroll of vulnerability {unknown}
 k - a scroll of teleportation {unknown}
Potions
 b - a potion of lignification
 d - 2 potions of might {unknown}
 g - 3 potions of curing {unknown}
 n - a potion of enlightenment {unknown}


   Skills:
 + Level 1.6 Fighting
 + Level 2.2 Dodging
 - Level 3.0 Unarmed Combat
 + Level 2.9 Shapeshifting


You had 2 spell levels left.
You didn't know any spells.
Your spell library contained the following spells:

 Spells                   Type           Power      Damage    Failure   Level
 Magic Dart               Conj           0%         1d3       38%         1
 Call Imp                 Summ           0%         N/A       52%         2
 Mephitic Cloud           Conj/Pois/Air  0%         N/A       77%         3


Dungeon Overview and Level Annotations

Branches:
Dungeon (2/15)

Altars:


Innate Abilities, Weirdness & Mutations

You are a hulking beast.
Your limbs bulge with bestial killing power. (Slay +2)
You have a pair of small horns on your head.
You are partially covered in yellow scales. (AC +2)


Message History

No target in view!
No target in view!
d - 2 silvery potions (gained 1)
m - a ring of wizardry Health restored: 21 You open the door.
There is an open door here.
There is an open door here.
Done exploring.
Done exploring.
Done exploring.
No target in view!
Search for what [? for help]? .
(D) Dungeon
Where to? (? - help)
There is a stone staircase leading down here.
You climb downwards.
There is a stone staircase leading up here.
n - an amethyst potion
There is a stone staircase leading up here.
There is a stone staircase leading up here.
A kobold comes into view. It is wielding a +0 whip.
The kobold shouts!
A kobold is nearby!
A kobold is nearby!
The kobold hits you with a +0 whip.
You take 4 damage, and have 17/21 hp.
You hit the kobold but do no damage. You hit the kobold.
You kill the kobold!
You have reached level 3!
Your experience leads to an increase in your attributes!
Increase (s)trength, (i)ntelligence, or (d)exterity?
You feel stronger. x2; Your demonic ancestry asserts itself...
Yellow scales grow over part of your body.
You regained 5 hp, and now have 23/27 hp.
MP restored: 3
Things that are here:
a +0 whip; a kobold corpse Are you sure you want to abandon this character and quit the game? (Confirm with "yes".)

#.####
#....#
###.## #.#
#.####
#....#
###.##
#########.#
#...h.....#
#.#########


There were no monsters in sight!

Vanquished Creatures
  A dart slug (D:1)
  3 ball pythons (D:1)
  An endoplasm (D:1)
  A giant cockroach (D:1)
  4 goblins (D:1)
  3 hobgoblins (D:1)
  3 kobolds
  A quokka (D:1)
  3 bats (D:1)
  A frilled lizard (D:1)
  5 rats (D:1)
26 creatures vanquished.

Notes
Turn   | Place    | Note
-------+----------+-------------------------------------------
     0 | D:1      | Ofeo the Demonspawn Shapeshifter began the quest for the
                  | Orb.
     0 | D:1      | Reached XP level 1. HP: 15/15 MP: 1/1
    91 | D:1      | Gained mutation: You have a pair of small horns on your
                  | head. [demonic ancestry]
    91 | D:1      | Reached XP level 2. HP: 21/21 MP: 2/2
   511 | D:1      | Reached skill level 3 in Unarmed Combat
   832 | D:2      | Gained mutation: You are partially covered in yellow
                  | scales. (AC +2) [demonic ancestry]
   832 | D:2      | Reached XP level 3. HP: 23/27 MP: 3/3
   833 | D:2      | Quit the game

Illustrated notes

Levels and vault maps discovered:
D:1:      saegor_arrival_simple_e, layout_basic
D:2:      layout_basic, serial_shops, nicolae_shop_getting_attention,
          minmay_quantized

Skill      XL: |  1  2 |
---------------+-------+-----
Dodging        | 2 |  2.2
Unarmed Combat | 3 |  3.0
Fighting       | |  1.6
Shapeshifting  | |  2.9

Action                     || total
---------------------------++-------
  Melee: Unarmed           ||    48
         Headbutt          ||     1
         Punch             ||     1
   Stab: Sleeping          ||     1
 Armour: Animal skin       ||     5
  Dodge: Dodged            ||    29

Table legend: (Time is in decaauts)
 A = Elapsed time spent in this place.
 B = Non-inter-level travel time spent in this place.
 C = Inter-level travel time spent in this place.
 D = Time resting spent in this place.
 E = Time spent auto-exploring this place.
 F = Levels seen in this place.
 G = Mean time per level.
                   A        B        C        D        E       F      G
               +--------+--------+--------+--------+--------+-----+--------+
         Total |    830 |    807 |     23 |      0 |    672 |   2 |  415.0 |
       Dungeon |    830 |    807 |     23 |      0 |    672 |   2 |  415.0 |
               +--------+--------+--------+--------+--------+-----+--------+

Top non-repeatable levels by time:
     D:1: 724 daAuts
     D:2: 105 daAuts
